 Dungeon Crawl Stone Soup version 0.29.1-4-g47bece8355 (webtiles) character file.

Game seed: 16822487946631368948

31528 warriortoast the Marksspriggan (level 13, -25/72 HPs)
             Began as a Spriggan Hunter on Dec 6, 2022.
             Was a High Priest of Fedhas.
             Killed from afar by scionoferis's ghost (42 damage)
             ... with a stone arrow
             ... on level 3 of the Lair of Beasts.
             The game lasted 00:39:17 (18669 turns).

warriortoast the Marksspriggan (Spriggan Hunter)   Turns: 18669, Time: 00:39:19

Health: -25/72     AC:  5    Str: 11    XL:     13   Next: 26%
Magic:  23/23      EV: 29    Int: 12    God:    Fedhas [*****.]
Gold:   1090       SH:  0    Dex: 28    Spells: 12/12 levels left

rFire   + . .      SeeInvis +   J - +6 arbalest of Valour {venom, Drain rN+ Str+4}
rCold   + + .      Faith    .   (shield currently unavailable)
rNeg    + + .      Spirit   .   F - +2 robe {rC+}
rPois   .          Reflect  .   y - +1 hat
rElec   .          Harm     .   m - scarf {rC+ rF+}
rCorr   .          Rampage  .   (gloves unavailable)
Will    +++++                   (boots unavailable)
Stlth   +++++.....              B - amulet "Yrusk" {RegenMP rC- rN+ Will+++ MP+9}
HPRegen 0.22/turn               x - ring of protection from cold
MPRegen 0.58/turn               z - +6 ring of dexterity

@: lethally poisoned (-25 -> -28), very quick
A: very small, no large weapons, unfitting armour, see invisible, speed 3
a: Renounce Religion, Wall of Briars, Grow Ballistomycete, Overgrow, Grow Oklob


You were on level 3 of the Lair of Beasts.
You worshipped Fedhas.
Fedhas was extremely pleased with you.
You visited 3 branches of the dungeon, and saw 16 of its levels.
You also visited: Ossuary and Bailey.

You collected 1090 gold pieces.

Inventory:

Hand Weapons
 a - a +0 shortbow
 A - a +3 vorpal arbalest
 J - the +6 arbalest of Valour (weapon) {venom, Drain rN+ Str+4}
   (You took it off a spriggan in a bailey)

   Any ammunition fired from it poisons the flesh of those it strikes.
   Str:       It affects your strength (+4).
   rN:        It protects you from negative energy.
   Drain:     It drains your maximum health when unequipped.
Missiles
 C - 2 throwing nets
Armour
 c - a +1 robe
 m - a scarf of resistance (worn)
 u - a +2 robe of willpower
 y - a +1 hat (worn)
 E - a +0 troll leather armour
 F - a +2 robe of cold resistance (worn)
 I - a +1 cloak
Jewellery
 f - a ring of protection from fire
 t - a +4 ring of evasion
 w - a ring of willpower
 x - a ring of protection from cold (left hand)
 z - a +6 ring of dexterity (right hand)
 B - the amulet "Yrusk" (around neck) {RegenMP rC- rN+ Will+++ MP+9}
   (You acquired it on level 7 of the Dungeon)

   [amulet of magic regeneration]

   It increases your rate of magic regeneration.
   rC:        It makes you vulnerable to cold.
   rN:        It protects you from negative energy.
   MP:        It affects your magic capacity (+9).
   Will:      It greatly increases your willpower.
 D - a +4 ring of protection
 T - a +6 ring of intelligence
 V - a ring of protection from cold
Wands
 q - a wand of flame (75)
 s - a wand of charming (2)
 M - a wand of roots (4)
 R - a wand of polymorph (8)
Scrolls
 b - 2 scrolls of immolation
 i - 6 scrolls of identify
 j - 3 scrolls of fog
 n - 10 scrolls of teleportation
 o - 2 scrolls of vulnerability
 p - a scroll of enchant armour
 r - 3 scrolls of magic mapping
 K - 2 scrolls of enchant weapon
 L - 2 scrolls of fear
 N - 4 scrolls of noise
 O - 2 scrolls of brand weapon
 Q - a scroll of amnesia
Potions
 d - 4 potions of lignification
 e - 8 potions of curing
 g - 2 potions of magic
 h - 4 potions of cancellation
 k - 6 potions of flight
 l - 4 potions of invisibility
 v - a potion of haste
 G - 4 potions of attraction
 H - a potion of might
 P - 3 potions of heal wounds
 S - a potion of ambrosia
 U - a potion of degeneration


   Skills:
 - Level 10.0 Fighting
 + Level 17.5 Ranged Weapons
 - Level 10.0 Dodging
 - Level 10.0 Stealth


You had 12 spell levels left.
You didn't know any spells.
Your spell library contained the following spells:

 Spells                   Type           Power      Damage    Failure   Level
 Sandblast                Erth           0%         2d4       32%         1
 Passwall                 Tmut/Erth      0%         N/A       45%         2
 Static Discharge         Conj/Air       0%         3-3/arc   45%         2
 Sublimation of Blood     Necr           0%         N/A       45%         2
 Dazzling Flash           Conj/Hex       0%         N/A       69%         3
 Gell's Gravitas          Tloc           0%         N/A       69%         3
 Stone Arrow              Conj/Erth      0%         3d7       69%         3
 Teleport Other           Tloc           0%         N/A       69%         3
 Dispel Undead            Necr           0%         3d6       97%         4
 Fulminant Prism          Conj/Hex       0%         3d6       97%         4
 Iskenderun's Mystic Bla  Conj/Tloc      0%         2d3       97%         4
 Petrify                  Tmut/Erth      0%         N/A       97%         4
 Sticky Flame             Conj/Fire      0%         2d3       97%         4
 Irradiate                Conj/Tmut      0%         3d11      100%        5
 Lee's Rapid Deconstruct  Erth           0%         3d5*      100%        5
 Dispersal                Tloc           0%         N/A       100%        6
 Starburst                Conj/Fire      0%         6d3       100%        6
 Malign Gateway           Summ/Tloc      0%         N/A       100%        7
 Summon Horrible Things   Summ           0%         N/A       100%        8


Dungeon Overview and Level Annotations

Branches:
Dungeon (12/15)            Temple (1/1) D:5            Lair (3/5) D:9
 Shoals (0/4) Lair:2        Snake (0/4) Lair:2          Orc (0/2) D:12
Ossuary (visited)          Bailey (visited)

Altars:
Ashenzari
Cheibriados
Dithmenos
Elyvilon
Fedhas
Gozag
Hepliaklqana
Kikubaaqudgha
Makhleb
Nemelex Xobeh
Okawaru
Qazlal
Ru
Sif Muna
Trog
Uskayaw
Vehumet
Wu Jian
Xom
Yredelemnul
Zin
The Shining One

Shops:
D:9 :

Portals:
Trove: D:10 (give 4 scrolls of fear)

Annotations:
D:7 2 transporters, exclusion: 2 ice statues, tbole's ghost, novice OgMo
D:10 2 transporters, gregunderscorem's ghost, journeyman OpBr
Lair:3 2 transporters, scionoferis's ghost, journeyman DEAM


Innate Abilities, Weirdness & Mutations

You are very small and have problems with some larger weapons.
You are too small for most types of armour.
You have supernaturally acute eyesight. (SInv)
You cover ground extremely quickly. (Speed+++)


Message History

You feel sick. Scionoferis's ghost hits you.
You are more poisoned.
You shoot a bolt. The bolt hits scionoferis's ghost.
Scionoferis's ghost is moderately damaged.
You feel very sick. Scionoferis's ghost misses you.
You shoot a bolt.
The bolt closely misses scionoferis's ghost.
You feel very sick.
Scionoferis's ghost casts a spell at you.
The stone arrow hits you!
You shoot a bolt. The bolt hits scionoferis's ghost!!
Scionoferis's ghost is severely damaged.
You feel sick. Scionoferis's ghost closely misses you.
You shoot a bolt. The bolt hits scionoferis's ghost!!
Scionoferis's ghost is almost destroyed.
You feel sick. Scionoferis's ghost closely misses you.
You shoot a bolt.
The bolt closely misses scionoferis's ghost.
You feel sick. Scionoferis's ghost misses you.
Scionoferis's ghost points at you and mumbles some strange words.
The stone arrow hits you!!
* * * LOW HITPOINT WARNING * * *
You are too injured to fight recklessly!
You are too injured to fight recklessly!
You are too injured to fight recklessly!
You are too injured to fight recklessly!
You are too injured to fight recklessly!
You are too injured to fight recklessly!
Fire: J) +6 arbalest of Valour {venom, Drain rN+ Str+4}
Press: ? - help, Q - select action, (/) - cycle Shift-Dir - straight line, f/p - scionoferis's ghost
Aim: scionoferis's ghost, wielding a weapon of venom (almost destroyed, 66% to hit)
You shoot a bolt.
The bolt closely misses scionoferis's ghost.
You feel sick.
Scionoferis's ghost points at you and mumbles some strange words.
The stone arrow hits you!!!
Ouch! That really hurt!
You die...
Fedhas appreciates your contribution to the ecosystem.

.............................##.#
..................P....#....#.#..
.....................[......#....
.................................
..##..##..#............#......###
#.#.######...................##⌠#
##### ##......P.....#....##... #
#......#...).P...##..!. #
##.....@W.........'...♣?
#.......P.........##..?.
#........#....#....##... #
#...................##⌠#
###########...................###
##.#...##.#.##.#.##..............
............#########............
.#...........# #.......##.#.
###.#.#.....## ##......#.#..#


You could see scionoferis's ghost.

Vanquished Creatures
  A boulder beetle (Lair:2)
  A centaur warrior (D:9)
  5 two-headed ogres
  5 hydras
  3 cyclopes
  A deep elf pyromancer (D:12)
  A manticore (D:11)
  4 elephants (Lair:2)
  A black mamba (Lair:2)
  9 cane toads
  A gargoyle (D:12)
  2 unseen horrors
  3 komodo dragons (Lair:2)
  A rime drake (Lair:2)
  3 trolls
  A hornet (D:10)
  4 blink frogs (Lair:3)
  2 shadows
  Sigmund (D:4)
  5 spriggans (Bailey)
  3 wyverns (D:9)
  2 vampires
  2 basilisks
  A water elemental (D:12)
  4 wraiths (D:12)
  19 yaks
  7 vampire mosquitoes
  2 steam dragons
  3 nagas (Lair:2)
  An acid dragon (D:12)
  Duvessa (D:6)
  7 water moccasins
  2 ice beasts
  2 sky beasts
  2 orc warriors (D:9)
  3 black bears
  3 centaurs
  9 ogres (Bailey)
  7 wolves
  2 phantoms
  Blork the orc (D:4)
  3 kobold brigands
  A gnoll sergeant (D:9)
  3 bullfrogs
  An elf zombie (Ossuary)
  A necrophage (D:8)
  5 scorpions
  3 wights (D:9)
  Dowan (D:6)
  25 killer bees
  11 electric eels
  4 howler monkeys
  2 human zombies (Ossuary)
  2 jellies
  6 orc priests
  5 hounds
  2 gnoll boudas (D:6)
  Crazy Yiuf (D:7)
  Jessica (D:2)
  Ijyb (D:3)
  Natasha (thrice) (D:3)
  2 iguanas
  8 orc wizards
  4 mummies (Ossuary)
  19 gnolls
  6 adders
  3 ufetubi (D:5)
  A worm (D:3)
  3 dart slugs
  27 orcs
  4 endoplasms
  3 giant cockroaches
  A gnoll zombie (Ossuary)
  8 goblins
  9 hobgoblins
  4 jackals (D:4)
  15 kobolds
  2 quokkas (D:1)
  7 ball pythons
  6 bats
  4 frilled lizards
  A goblin zombie (Ossuary)
  2 jackal zombies (Ossuary)
  3 kobold zombies (Ossuary)
  An orc zombie (Ossuary)
  2 quokka zombies (D:5)
  9 rats
  A rat zombie (Ossuary)
373 creatures vanquished.

Vanquished Creatures (others)
  2 orcs
  2 bushes (D:9)
  16 fungi
  37 plants
57 creatures vanquished.

Grand Total: 430 creatures vanquished

Notes
Turn   | Place    | Note
-------+----------+-------------------------------------------
     0 | D:1      | warriortoast the Spriggan Hunter began the quest for the
                  | Orb.
     0 | D:1      | Reached XP level 1. HP: 10/10 MP: 2/2
   198 | D:1      | Reached XP level 2. HP: 15/15 MP: 3/3
   902 | D:2      | Reached XP level 3. HP: 18/18 MP: 4/4
  1480 | D:2      | Noticed Jessica
  1485 | D:2      | Killed Jessica
  2183 | D:3      | Noticed Natasha
  2216 | D:3      | Killed Natasha
  2217 | D:3      | Reached XP level 4. HP: 18/23 MP: 5/5
  2324 | D:3      | Noticed Natasha
  2333 | D:3      | Killed Natasha
  2371 | D:3      | Found an iron altar of Okawaru.
  2373 | D:3      | Noticed Ijyb
  2380 | D:3      | Killed Ijyb
  2381 | D:3      | Reached XP level 5. HP: 22/27 MP: 6/6
  2547 | D:3      | Found a hide-covered altar of Uskayaw.
  2574 | D:3      | Noticed Natasha
  2582 | D:3      | Killed Natasha
  2762 | D:3      | Found a faded altar of an unknown god.
  2914 | D:3      | Found a hazy altar of Hepliaklqana.
  2940 | D:3      | Noticed a moth of wrath
  2944 | D:3      | Found a bloodstained altar of Trog.
  3278 | D:4      | Reached skill level 5 in Ranged Weapons
  3487 | D:4      | Reached XP level 6. HP: 32/32 MP: 7/7
  3565 | D:4      | Noticed a water moccasin
  3593 | D:4      | Killed a water moccasin
  3594 | D:4      | Reached skill level 5 in Dodging
  3594 | D:4      | Reached skill level 5 in Stealth
  3664 | D:4      | Noticed Sigmund
  3698 | D:4      | Killed Sigmund
  3699 | D:4      | Reached XP level 7. HP: 15/36 MP: 8/8
  3995 | D:4      | Found a white marble altar of Elyvilon.
  4004 | D:4      | Noticed Blork the orc
  4027 | D:4      | Killed Blork the orc
  4549 | D:5      | Entered Level 5 of the Dungeon
  4710 | D:5      | Found a sand-covered staircase.
  4717 | Ossuary  | Entered an ossuary
  4982 | Ossuary  | Reached skill level 6 in Ranged Weapons
  5112 | Ossuary  | Reached XP level 8. HP: 41/42 MP: 9/9
  5315 | D:5      | Found a glowing silver altar of Zin.
  6152 | D:5      | Found a staircase to the Ecumenical Temple.
  6170 | Temple   | Entered the Ecumenical Temple
  6810 | D:6      | Found an opulent altar of Gozag.
  6901 | D:6      | Found a broken altar of Ashenzari.
  6999 | D:6      | Found a sparkling altar of Nemelex Xobeh.
  7021 | D:6      | Noticed Duvessa
  7022 | D:6      | Noticed Dowan
  7027 | D:6      | Reached skill level 7 in Ranged Weapons
  7049 | D:6      | Killed Dowan
  7050 | D:6      | Reached skill level 5 in Fighting
  8020 | D:6      | Killed Duvessa
  8021 | D:6      | Reached XP level 9. HP: 35/47 MP: 10/10
  9021 | D:7      | Identified 2 scrolls of acquirement
  9021 | D:7      | Acquired the amulet "Yrusk" {RegenMP rC- rN+ Will+++ MP+9}
  9022 | D:7      | Acquired a +3 arbalest of freezing
  9034 | D:7      | Reached skill level 10 in Stealth
  9068 | D:7      | Noticed an ice statue
  9595 | D:7      | Found a transporter.
  9599 | D:7      | Found a blossoming altar of Fedhas.
  9606 | D:7      | Became a worshipper of Fedhas Madash
  9616 | D:7      | Noticed tbole's ghost (novice OgMo)
  9667 | D:7      | Found a sacrificial altar of Ru.
  9692 | D:7      | Found a runed translucent door.
  9693 | D:7      | Noticed Crazy Yiuf
  9750 | D:7      | Noticed an ice statue
  9770 | D:7      | Found a transporter.
  9858 | D:7      | Reached skill level 8 in Ranged Weapons
  9873 | D:7      | Found a shadowy altar of Dithmenos.
  9999 | D:7      | Killed Crazy Yiuf
 10741 | D:8      | Reached skill level 10 in Dodging
 10753 | D:8      | Reached * piety under Fedhas
 10760 | D:8      | Reached skill level 9 in Ranged Weapons
 11151 | D:8      | Reached XP level 10. HP: 51/51 MP: 11/11
 11152 | D:8      | Reached skill level 10 in Ranged Weapons
 11359 | D:9      | Noticed a two-headed ogre
 11393 | D:9      | Found a flagged portal.
 11574 | Bailey   | Entered a bailey
 11631 | Bailey   | Reached skill level 11 in Ranged Weapons
 11697 | Bailey   | Reached ** piety under Fedhas
 11929 | Bailey   | Identified the +6 arbalest of Valour {venom, Drain rN+
                  | Str+4}
 11969 | Bailey   | Reached skill level 12 in Ranged Weapons
 12115 | Bailey   | Noticed a two-headed ogre
 12118 | Bailey   | Killed a two-headed ogre
 12306 | D:9      | Killed a two-headed ogre
 12307 | D:9      | Reached skill level 13 in Ranged Weapons
 12323 | D:9      | Found Xownagreko's Book Emporium.
 12353 | D:9      | Reached XP level 11. HP: 49/55 MP: 12/12
 12470 | D:9      | Found a staircase to the Lair.
 12524 | D:9      | Noticed a two-headed ogre
 12528 | D:9      | Killed a two-headed ogre
 12529 | D:9      | Reached skill level 14 in Ranged Weapons
 12677 | D:9      | Reached *** piety under Fedhas
 12697 | D:9      | Noticed a centaur warrior
 12700 | D:9      | Killed a centaur warrior
 12937 | D:10     | Entered Level 10 of the Dungeon
 12978 | D:10     | Reached skill level 15 in Ranged Weapons
 13507 | D:10     | Found a portal to a secret trove of treasure.
 13758 | D:10     | Noticed gregunderscorem's ghost (journeyman OpBr)
 13760 | D:10     | Found a transporter.
 14112 | D:10     | Found a transporter.
 14117 | D:10     | Noticed a stone giant
 14753 | D:11     | Noticed a four-headed hydra
 14755 | D:11     | Killed a four-headed hydra
 14756 | D:11     | Reached XP level 12. HP: 62/62 MP: 13/13
 14888 | D:12     | Reached **** piety under Fedhas
 15000 | D:12     | Reached skill level 16 in Ranged Weapons
 15408 | D:12     | Noticed a four-headed hydra
 15424 | D:12     | Killed a four-headed hydra
 15600 | D:12     | Found a staircase to the Orcish Mines.
 15649 | D:12     | Noticed a two-headed ogre
 15652 | D:12     | Killed a two-headed ogre
 15719 | D:12     | Noticed a two-headed ogre
 15721 | D:12     | Killed a two-headed ogre
 16178 | Lair:1   | Entered Level 1 of the Lair of Beasts
 16178 | Lair:1   | You fall into a shaft and drop 1 floor!
 16309 | Lair:2   | Noticed a boulder beetle
 16317 | Lair:2   | Noticed a five-headed hydra
 16324 | Lair:2   | Killed a boulder beetle
 16330 | Lair:2   | Killed a five-headed hydra
 16458 | Lair:2   | Reached skill level 10 in Fighting
 16476 | Lair:2   | Reached ***** piety under Fedhas
 16699 | Lair:2   | Found a staircase to the Shoals.
 16782 | Lair:2   | Found a staircase to the Snake Pit.
 16850 | Lair:2   | Noticed a five-headed hydra
 16857 | Lair:2   | Killed a five-headed hydra
 16909 | Lair:2   | Reached XP level 13. HP: 72/72 MP: 14/14
 17665 | Lair:3   | Reached skill level 17 in Ranged Weapons
 17946 | Lair:3   | Noticed scionoferis's ghost (journeyman DEAM)
 17979 | Lair:3   | Found a runed translucent door.
 18081 | Lair:3   | Found a snail-covered altar of Cheibriados.
 18126 | Lair:3   | Found a transporter.
 18127 | Lair:3   | Found a transporter.
 18669 | Lair:3   | Killed from afar by scionoferis's ghost

Illustrated notes

Levels and vault maps discovered:
D:1:      dpeg_arrival_tiny_k, layout_loops_ring,
          hangedman_decor_clover_reticule, grunt_decor_cap,
          chequers_serial_rivers_large_a
D:2:      layout_loops_corners, serial_bayou_crossing, uniq_jessica
D:3:      layout_basic, nicolae_uskayaw_suspiria, tgw_trog,
          mainiacjoe_overflow_brackets, okawaru_trees_2,
          shapermc_ecumenical_altar_mp_ritualfount, uniq_natasha, uniq_ijyb
D:4:      layout_loops_ring, nicolae_elyvilon_peaceful_grove, uniq_sigmund,
          uniq_blork_the_orc
D:5:      layout_basic, zin_academy, minmay_temple_entry_statues_fountains,
          enter_ossuary_4
D:6:      layout_basic, ashenzari_altar_1, mainiacjoe_overflow_paths,
          mainiacjoe_overflow_catwalk, uniq_duvessa
D:7:      layout_rooms, mainiacjoe_overflow_alcove_1,
          grunt_dithmenos_smoke_and_mirrors,
          mainiacjoe_overflow_small_starburst, serial_glass, glass_columns_b,
          glass_columns_b, nzn_ghost_randoct, glass_columns_a,
          minmay_misc_feat_cross, uniq_crazy_yiuf_cottage
D:8:      layout_loops_cross, minmay_fractal_squares_diagonal_5
D:9:      kennysheep_big_flooded_room, layout_irregular_city,
          minmay_lair_entry_grove, enter_bailey_5, serial_shops, shop
D:10:     layout_basic, enter_trove_2, gammafunk_ghost_arena
D:11:     layout_basic
D:12:     layout_gridville, david_orc_3, serial_bayou_lake_a
Temple:   nicolae_temple_bog_church
Lair:1:   layout_cave_shapes
Lair:2:   layout_cave_pods, elwin_shoals_entry_rocks,
          minmay_snake_entry_guardpost_small, minmay_shattered_shrine,
          infiniplex_staircase_pool_2
Lair:3:   gammafunk_boulding_lane, layout_chaotic_city, basic_altar,
          hellmonk_ghost_happy_afterlife

Skill      XL: |  1  2  3  4  5  6  7  8  9 10 11 12 13 |
---------------+----------------------------------------+-----
Stealth        | 2 3 4 6 7 9 10 | 10.0
Dodging        | 3 4 5 6 8 10 | 10.0
Fighting       | 2 3 4 5 6 10 | 10.0
Ranged Weapons | 5 6 7 9 13 15 16 17 | 17.5

Action                   |  1- 3 |  4- 6 |  7- 9 | 10-12 | 13-15 || total
-------------------------+-------+-------+-------+-------+-------++-------
Melee: Shortbow          |       |       |     1 |       |       ||     1
 Fire: Shortbow          |    87 |   138 |   590 |       |       ||   815
       Arbalest          |       |       |    39 |   421 |    92 ||   552
  Use: Scroll            |       |       |    22 |     5 |       ||    27
       Potion            |       |       |     4 |     2 |       ||     6
Armor: Robe              |     2 |     1 |    29 |     9 |     2 ||    43
       Skin              |       |       |       |     3 |       ||     3
Dodge: Dodged            |    21 |    72 |   465 |   232 |    52 ||   842
